 Dungeon Crawl Stone Soup version 0.25-a0-598-gc9c9e4cfe1 (webtiles) character file.

Game seed: 3446591345817103659, levelgen mode: deterministic

352 ControlBlue the Skirmisher (level 6, -5/52 HPs)
             Began as a Centaur Fighter on Mar 15, 2020.
             Slain by an ogre
             ... wielding a +0 giant club
              (20 damage)
             ... on level 4 of the Dungeon.
             The game lasted 00:31:31 (4090 turns).

ControlBlue the Skirmisher (Centaur Fighter)        Turns: 4090, Time: 00:31:31

Health: -5/52      AC:  6    Str: 21    XL:     6   Next: 34%
Magic:  6/6        EV:  6    Int:  7    God:
Gold:   113        SH:  9    Dex:  8    Spells: 5/5 levels left

rFire    . . .     SeeInvis .   a - +0 long sword
rCold    . . .     Gourm    .   c - +0 kite shield
rNeg     . . .     Faith    .   b - +0 scale mail
rPois    .         Spirit   .   (no helmet)
rElec    .         Reflect  .   (no cloak)
rCorr    .         Harm     .   (no gloves)
MR       .....                  (no barding)
Stlth    ..........             (no amulet)
HPRegen  0.17/turn              l - ring of flight
MPRegen  0.10/turn              (no ring)

@: very quick
A: large, hooves 3, deformed body, speed 2, tough skin 3
a: Evoke Flight


You were on level 4 of the Dungeon.
You were very hungry.

You visited 1 branch of the dungeon, and saw 4 of its levels.

You collected 113 gold pieces.

Inventory:

Hand Weapons
 a - a +0 long sword (weapon)
 n - a +0 trident
Missiles
 k - 33 arrows
Armour
 b - a +0 scale mail (worn)
 c - a +0 kite shield (worn)
Jewellery
 l - a ring of flight (left hand)
 o - an uncursed ring of attention
Scrolls
 e - a scroll of remove curse
 i - a scroll of amnesia {unknown}
Potions
 j - a potion of stabbing
 m - a potion of magic
Comestibles
 f - 4 rations


   Skills:
 * Level 4.0 Fighting
 + Level 3.4 Long Blades
 * Level 1.5 Polearms
 + Level 3.0 Armour
 + Level 1.1 Dodging
 - Level 0.1 Stealth
 + Level 3.0 Shields


You had 5 spell levels left.
You didn't know any spells.
Your spell library contained the following spells:

 Spells                   Type           Power        Failure   Level  Hunger
 Confusing Touch          Hex            #.......     100%        3    ####...
 Gell's Gravitas          Tloc           #.........   100%        3    ####...
 Petrify                  Tmut/Erth      #.......     100%        4    #####..
 Metabolic Englaciation   Hex/Ice        #.........   100%        5    ######.
 Yara's Violent Unravell  Hex/Tmut       #.........   100%        5    ######.


Dungeon Overview and Level Annotations

Branches:
Dungeon (4/15)
 Temple: D:4-7

Altars:
Ashenzari
Elyvilon
Hepliaklqana
Sif Muna
Vehumet

Annotations:
D:3 Natasha, Sigmund


Innate Abilities, Weirdness & Mutations

You have hooves in place of feet.
Armour fits poorly on your strangely shaped body.
You cover ground very quickly.
You have extremely tough skin. (AC +3)


Message History

You are feeling very hungry.
You closely miss the worker ant. You kick the worker ant.
The worker ant is lightly wounded.
You block the worker ant's attack.
You hit the worker ant. Your kick misses the worker ant.
The worker ant is heavily wounded.
The worker ant closely misses you.
You riposte.
You hit the worker ant but do no damage.
You kick the worker ant.
You kill the worker ant!
You see here a worker ant corpse.
You see here a worker ant corpse.
The ogre hits you with a +0 giant club!!
You barely miss the ogre. You block the ogre's attack.
You hit the ogre but do no damage. You kick the ogre.
The ogre is lightly wounded.
The ogre hits you with a +0 giant club!
* * * LOW HITPOINT WARNING * * *
The ogre hits you with a +0 giant club!!
You die...

............w.#....####
.............#.#### #.
............##...### ..
#.........##.....## ..
#.........##......# #..
#.........##w###..##...
#....w###..#.###...#...
######O###..#..##...#...
#<# #.@....#...w.O.....
#.#########.############
#.....# #.# #####.#
###.# #.# #...#
#.###.### #.....#
#######


You could see an ogre and a dart slug.

Vanquished Creatures
  An orc wizard (D:3)
  An iguana (D:4)
  A bullfrog skeleton (D:4)
  Natasha (twice) (D:3)
  2 worker ants
  8 adders
  An ooze (D:2)
  6 worms
  2 leopard geckos
  3 orcs
  6 bats
  5 giant cockroaches
  6 goblins
  10 hobgoblins
  13 jackals
  A ball python (D:1)
  5 frilled lizards
  3 kobolds
  7 rats
83 creatures vanquished.

Notes
Turn   | Place    | Note
-------+----------+-------------------------------------------
     0 | D:1      | ControlBlue the Centaur Fighter began the quest for the
                  | Orb.
     0 | D:1      | Reached XP level 1. HP: 19/19 MP: 1/1
    97 | D:1      | Reached XP level 2. HP: 17/26 MP: 2/2
   821 | D:2      | Reached XP level 3. HP: 23/31 MP: 3/3
  1219 | D:2      | Reached XP level 4. HP: 37/38 MP: 4/4
  1455 | D:2      | Found a shattered altar of Ashenzari.
  1501 | D:2      | Found a radiant altar of Vehumet.
  1619 | D:2      | Found a shimmering blue altar of Sif Muna.
  2154 | D:3      | Reached XP level 5. HP: 27/46 MP: 5/5
  2328 | D:3      | Found a hazy altar of Hepliaklqana.
  2362 | D:3      | Noticed Natasha
  2389 | D:3      | Killed Natasha
  2391 | D:3      | Reached skill level 1 in Polearms
  2393 | D:3      | Noticed Natasha
  2414 | D:3      | HP: 3/69 [Natasha/puff of flame (5)]
  2423 | D:3      | Killed Natasha
  2725 | D:3      | Noticed Natasha
  2972 | D:3      | Found a white marble altar of Elyvilon.
  3155 | D:3      | Reached skill level 1 in Dodging
  3208 | D:3      | Noticed Sigmund
  3351 | D:2      | Reached XP level 6. HP: 34/52 MP: 6/6
  4024 | D:4      | Reached skill level 4 in Fighting
  4090 | D:4      | Slain by an ogre

Levels and vault maps discovered:
D:1:      ncdulo_smallfort, layout_basic, chequers_serial_rivers_small_a
D:2:      layout_basic, lemuel_coloured_pillars_altar, old_standard_altar,
          nicolae_overflow_hidden_temple, first_ration
D:3:      layout_rooms, grunt_temple_overflow_opulence, elyvilon_altar_3,
          nicolae_overflow_crystal_walls, nrook_campfire, uniq_sigmund,
          uniq_natasha
D:4:      minmay_recursive_quarters, layout_basic, lemuel_round_altar,
          minmay_pentomino_pile, uniq_blork_the_orc, uniq_pikel

Skill      XL: |  1  2  3  4  5  6 |
---------------+-------------------+-----
Long Blades    | 2 3 |  3.4
Polearms       | 1 |  1.5
Dodging        | 1 |  1.1
Fighting       | 4 |  4.0
Armour         | 3 |  3.0
Shields        | 3 |  3.0
Stealth        | |  0.1

Action                   |  1- 3 |  4- 6 || total
-------------------------+-------+-------++-------
Melee: Long sword        |   102 |   207 ||   309
       Kick              |    13 |    54 ||    67
  Use: Scroll            |       |     8 ||     8
       Potion            |       |     3 ||     3
  Eat: Chunk             |       |     8 ||     8
Armor: Scale mail        |    42 |   109 ||   151
       Skin              |       |     3 ||     3
Dodge: Dodged            |    16 |    58 ||    74
Block: Kite shield       |    49 |    98 ||   147
       Rpst.: Long sword |     7 |    15 ||    22

Table legend:
 A = Non-vault XP
 B = Vault XP
 C = Vault XP percentage of total XP
 D = Non-vault monster count
 E = Vault monster count
 F = Vault count percentage of total count
                 A         B        C        D         E       F
            +---------+---------+-------+---------+---------+-------
      Total |     401 |     102 |  20.3 |      80 |       3 |   3.6
            +---------+---------+-------+---------+---------+-------
        D:1 |      32 |       0 |   0.0 |      20 |       0 |   0.0
        D:2 |     169 |       0 |   0.0 |      34 |       0 |   0.0
        D:3 |     163 |      35 |  17.7 |      25 |       1 |   3.8
        D:4 |      37 |      67 |  64.4 |       1 |       2 |  66.7
            +---------+---------+-------+---------+---------+-------
